 Dungeon Crawl Stone Soup version 0.22-a0-815-gb582571 (webtiles) character file.

80 iamserjio the Sneak (level 4, -4/22 HPs)
             Began as a Spriggan Artificer on July 23, 2018.
             Was an Initiate of Yredelemnul.
             Slain by a scorpion (6 damage)
             ... on level 4 of the Dungeon.
             The game lasted 00:07:45 (1020 turns).

iamserjio the Sneak (Spriggan Artificer)            Turns: 1020, Time: 00:07:46

Health: -4/22      AC:  2    Str:  8    XL:     4   Next: 18%
Magic:  0/8        EV: 19    Int: 13    God:    Yredelemnul [......]
Gold:   80         SH:  0    Dex: 16    Spells: 3/3 levels left

rFire    + . .     SeeInvis +   m - +0 short sword (curse)
rCold    + . .     Gourm    .   (shield restricted)
rNeg     . . .     Faith    .   b - +0 robe
rPois    +         Spirit   +   (helmet restricted)
rElec    +         Reflect  .   (no cloak)
rCorr    +         Harm     .   (gloves unavailable)
MR       .....                  (boots unavailable)
Stlth    +++.......             h - amulet of guardian spirit
HPRegen  0.07/turn              (no ring)
MPRegen  0.11/turn              (no ring)

@: resistant, very quick
A: very small, unfitting armour, see invisible, herbivore, speed 3, slow
metabolism 2
a: Renounce Religion


You were on level 4 of the Dungeon.
You worshipped Yredelemnul.
Yredelemnul was noncommittal.
You were not hungry.

You visited 2 branches of the dungeon, and saw 5 of its levels.

You collected 80 gold pieces.

Inventory:

Hand Weapons
 a - a +0 short sword
 j - a cursed -1 spear
 m - a cursed +0 short sword (weapon)
Missiles
 q - 49 sling bullets
Armour
 b - a +0 robe (worn)
Jewellery
 h - an amulet of guardian spirit (around neck)
 s - an uncursed ring of ice
Wands
 d - a wand of enslavement (13)
 e - a wand of random effects (1)
Scrolls
 i - 2 scrolls of remove curse {unknown}
 k - a scroll of noise {unknown}
 l - 2 scrolls of identify {unknown}
 t - a scroll of amnesia {unknown}
 u - a scroll of magic mapping {unknown}
 v - a scroll of immolation {unknown}
Potions
 c - a potion of curing {unknown}
 g - a potion of berserk rage {unknown}
 n - a potion of cancellation {unknown}
 o - a potion of flight {unknown}
 p - a potion of magic {unknown}
 r - a potion of resistance
Comestibles
 f - 6 rations


   Skills:
 - Level 1.1 Fighting
 + Level 2.2 Short Blades
 + Level 4.0 Dodging
 * Level 4.5 Stealth
 - Level 4.0 Evocations


You had 3 spell levels left.
You didn't know any spells.
Your spell library was empty.

Dungeon Overview and Level Annotations

Branches:
Dungeon (4/15)             Temple (1/1) D:4

Altars:
Ashenzari
Elyvilon
Gozag
Okawaru
Qazlal
Wu Jian
Yredelemnul

Shops:
D:4 *

Annotations:
D:4 Grinder


Innate Abilities, Weirdness & Mutations

You are very small and have problems with some larger weapons.
You are too small for most types of armour.
You have supernaturally acute eyesight. (SInv)
You are a herbivore.
You cover ground extremely quickly.
You need to consume almost no food.


Message History

Evoke which item? (* to show all) (? for menu, Esc to quit)
Aiming: Random Effects
Press: ? - help, Shift-Dir - straight line, f/p - Grinder
Aim: Grinder (moderately wounded)
The mass of ice explodes!
The iceblast engulfs Grinder.
Grinder partially resists.
Grinder is severely wounded.
The iceblast engulfs your scorpion.
Your scorpion is almost dead.
The scorpion is no longer charmed.
Grinder gestures at you.
You suddenly lose the ability to move!
Grinder blinks!
The scorpion stings you.
* * * LOW HITPOINT WARNING * * *
The scorpion barely misses you.
You can move again.
The scorpion stings you.
You die...
Your body rises from the dead as a mindless zombie.

###. #.# .# #...# #.# .#
..... #####.# .#
.....##.....##.#
..≈≈≈≈≈≈≈....#.#
#.≈.....≈≈≈≈.#.# ######
##≈.⌠.⌠....≈...# #....#
..≈..∩..._....########.####
..≈.⌠.⌠....≈.5.s@......#
..≈.....≈≈≈≈.#########.####
..≈≈≈≈≈≈≈....# #....#
.....#####.### ###.##
#..........# .#
#.########.# .# #.# #.# .#
#.# #.# .# #.# #.. .#


You could see Grinder and a scorpion.

Vanquished Creatures
  A bullfrog skeleton (D:4)
  An adder (D:4)
  2 oozes
  A worm (D:3)
  A dart slug (D:3)
  An orc (D:3)
  2 giant cockroaches (D:2)
  5 goblins
  2 jackals (D:2)
  4 kobolds
  2 ball pythons
  4 bats
  3 frilled lizards
  A jackal skeleton (D:4)
  3 rats
33 creatures vanquished.

Vanquished Creatures (others)
  A jackal (D:2)
1 creature vanquished.

Grand Total: 34 creatures vanquished

Notes
Turn   | Place    | Note
-------+----------+-------------------------------------------
     0 | D:1      | iamserjio the Spriggan Artificer began the quest for the Orb.
     0 | D:1      | Reached XP level 1. HP: 9/9 MP: 4/4
   180 | D:2      | Reached XP level 2. HP: 13/14 MP: 6/6
   496 | D:2      | Found a stormy altar of Qazlal.
   604 | D:4      | Noticed Grinder
   644 | D:3      | Reached XP level 3. HP: 17/17 MP: 7/7
   776 | D:4      | Found an iron altar of Okawaru.
   832 | D:4      | Reached skill level 1 in Fighting
   832 | D:4      | Reached XP level 4. HP: 16/22 MP: 6/8
   845 | D:4      | Found a staircase to the Ecumenical Temple.
   865 | Temple   | Entered the Ecumenical Temple
   873 | Temple   | Became a worshipper of Yredelemnul the Dark
   897 | D:4      | Found Gozag's Platinum Reserve.
   900 | D:4      | Found an opulent altar of Gozag.
  1015 | D:4      | Paralysed by Grinder for 5 turns
  1020 | D:4      | Slain by a scorpion

Vault maps used:
D:1:      erik_arrival_triangle_small, glass_columns_c
D:2:      old_standard_altar, nicolae_qazlal_general_emergency, uniq_robin
D:3:      marbit_many_paths, first_ration
D:4:      nicolae_gozag_zags_fifth_avenue, okawaru_metal_pillars_3,
          zin_scriptorium, minmay_temple_entry_statues,
          hangedman_decor_diamond_cutter, uniq_grinder
Temple:   dpeg_three_leaves_temple

Skill      XL: |  1  2  3  4 |
---------------+-------------+-----
Stealth        | 2 3 4 |  4.5
Short Blades   | 2 |  2.2
Fighting       | 1 |  1.1
Dodging        | 4 |  4.0
Evocations     | |  4.0

Action                   |  1- 3 |  4- 6 || total
-------------------------+-------+-------++-------
Melee: Short sword       |    94 |     9 ||   103
Evoke: Wand              |    25 |     6 ||    31
  Use: Potion            |       |     1 ||     1
 Stab: Sleeping          |     1 |       ||     1
       Paralysed         |     1 |       ||     1
Armor: Robe              |     8 |     1 ||     9
Dodge: Dodged            |   104 |     8 ||   112

Table legend:
 A = Spawn XP
 B = Non-spawn XP
 C = Spawn XP percentage of total XP
 D = Spawn monster count
 E = Non-spawn monster count
 F = Spawn count percentage of total count
 G = Total turns spent on level
                    A         B        C        D         E        F      G
               +---------+---------+-------+---------+---------+-------+---------
         Total |       0 |     115 |   0.0 |       0 |      33 |   0.0 |  1020
               +---------+---------+-------+---------+---------+-------+---------
           D:1 |       0 |       8 |   0.0 |       0 |       6 |   0.0 |   155
           D:2 |       0 |      19 |   0.0 |       0 |      10 |   0.0 |   380
           D:3 |       0 |      33 |   0.0 |       0 |      13 |   0.0 |   210
           D:4 |       0 |      55 |   0.0 |       0 |       4 |   0.0 |   258
               +---------+---------+-------+---------+---------+-------+---------
